 Dungeon Crawl Stone Soup version 0.29.1-2-gbd0b4ee654 (webtiles) character file.

Game seed: 56120175222605013

464 Avanven the Basher (level 6, -3/51 HPs)
             Began as a Minotaur Monk on Nov 6, 2022.
             Killed by nerve-wracking pain
             ... invoked by an orc priest
              (13 damage)
             ... on level 4 of the Dungeon.
             The game lasted 00:04:02 (2849 turns).

Avanven the Basher (Minotaur Monk)                  Turns: 2849, Time: 00:04:03

Health: -3/51      AC:  8    Str: 17    XL:     6   Next: 80%
Magic:  5/5        EV: 14    Int:  7    God:
Gold:   73         SH:  0    Dex: 13    Spells: 5/5 levels left

rFire   . . .      SeeInvis .   l - +2 morningstar (vorpal)
rCold   . . .      Faith    .   (no shield)
rNeg    . . .      Spirit   .   m - +0 scale mail
rPois   .          Reflect  .   (helmet restricted)
rElec   .          Harm     .   a - +0 cloak
rCorr   .          Rampage  .   (no gloves)
Will    .....                   (no boots)
Stlth   ..........              (no amulet)
HPRegen 0.17/turn               k - +4 ring of evasion
MPRegen 0.09/turn               (no ring)

@: no status effects
A: horns 2, retaliatory headbutt
a: no special abilities


You were on level 4 of the Dungeon.
You visited 1 branch of the dungeon, and saw 4 of its levels.

You collected 73 gold pieces.

Inventory:

Hand Weapons
 j - the +4 sling of Disgust {venom, Dex+3 Stlth-}
   (You found it on level 2 of the Dungeon)

   Any ammunition fired from it poisons the flesh of those it strikes.
   Dex:       It affects your dexterity (+3).
   Stlth:     It makes you less stealthy.
 l - a +2 vorpal morningstar (weapon)
Armour
 a - a +0 cloak (worn)
 m - a +0 scale mail (worn)
Jewellery
 k - a +4 ring of evasion (left hand)
Potions
 b - a potion of degeneration {unknown}
 c - a potion of ambrosia
 d - a potion of cancellation {unknown}
 e - 3 potions of curing {unknown}
 f - 2 potions of magic {unknown}
 h - 3 potions of mutation {unknown}
 i - 2 potions of attraction {unknown}


   Skills:
 - Level 3.6 Fighting
 * Level 8.2 Maces & Flails
 + Level 4.1 Armour
 - Level 3.2 Dodging
 - Level 1.5 Stealth


You had 5 spell levels left.
You didn't know any spells.
Your spell library was empty.

Dungeon Overview and Level Annotations

Branches:
Dungeon (4/15)
 Temple: D:4-7

Altars:
Ashenzari
The Shining One


Innate Abilities, Weirdness & Mutations

You have a pair of horns on your head.
You reflexively headbutt those who attack you in melee.


Message History

You headbutt the howler monkey.
An orc comes into view. It is wielding a +0 mace.
The howler monkey barely misses you.
You completely miss the howler monkey.
The howler monkey is severely wounded.
The orc shouts!
The howler monkey closely misses you.
You puncture the howler monkey!
You kill the howler monkey!
An orc wizard comes into view. It is wielding a +2 vampiric dagger.
The orc priest invokes the aid of Beogh against you.
Beogh smites you!
The orc wizard gestures wildly while chanting.
The orc wizard flickers and vanishes!
Deactivating autopickup; reactivate with Ctrl-A.
The orc priest mumbles some strange prayers to Beogh against you.
Beogh smites you!
You are too injured to fight recklessly!
You are too injured to fight recklessly!
You are too injured to fight recklessly!
Unknown command.
You hit the orc.
The orc is heavily wounded.
The orc hits you with a +0 hand axe. The orc barely misses you.
You closely miss the orc.
The orc is heavily wounded.
A two-headed ogre comes into view.
It is wielding a +0 giant club and a +0 giant spiked club.
The orc completely misses you.
You barely miss the orc.
The two-headed ogre shouts in stereo!
You headbutt the orc.
You kill the orc!
The orc priest calls down the wrath of Beogh upon you.
Pain shoots through your body!
* * * LOW HITPOINT WARNING * * *
The orc misses you.
You aren't carrying any scrolls.
The orc priest mumbles some strange prayers to Beogh against you.
Pain shoots through your body!
You die...

.......#.####
#..........+
....#..<####
# ##.####
#.....#
#..##.#
#.....### .
#.##....# ...
#.
#.@..#.....
..
+...o......
##.
#..).......
#..o..#####
#..O....
###......
.#....... .
....... .
#......


You could see a two-headed ogre, an orc priest and an orc.

Vanquished Creatures
  Grinder (D:3)
  An ogre (D:3)
  A howler monkey (D:4)
  Crazy Yiuf (D:3)
  Terence (D:3)
  2 adders
  4 worms
  An orc (D:4)
  4 ball pythons
  5 bats
  8 endoplasms
  8 giant cockroaches
  5 goblins
  5 hobgoblins
  9 jackals
  4 quokkas
  3 frilled lizards (D:2)
  3 kobolds
  4 rats (D:1)
70 creatures vanquished.

Notes
Turn   | Place    | Note
-------+----------+-------------------------------------------
     0 | D:1      | Avanven the Minotaur Monk began the quest for the Orb.
     0 | D:1      | Reached XP level 1. HP: 19/19 MP: 0/0
     1 | D:1      | Found a runed translucent door.
    60 | D:1      | Reached skill level 4 in Maces & Flails
    68 | D:1      | Reached XP level 2. HP: 18/26 MP: 1/1
   404 | D:1      | Reached skill level 5 in Maces & Flails
   464 | D:1      | Reached XP level 3. HP: 22/31 MP: 2/2
  1116 | D:2      | Found a faded altar of an unknown god.
  1289 | D:2      | Reached skill level 1 in Armour
  1479 | D:2      | Reached XP level 4. HP: 39/39 MP: 3/3
  1485 | D:2      | Identified the +4 sling of Disgust {venom, Dex+3 Stlth-}
  1993 | D:3      | Noticed Terence
  2008 | D:3      | Killed Terence
  2009 | D:3      | Reached skill level 6 in Maces & Flails
  2148 | D:3      | Noticed Grinder
  2154 | D:3      | Killed Grinder
  2155 | D:3      | Reached skill level 7 in Maces & Flails
  2155 | D:3      | Reached XP level 5. HP: 36/45 MP: 4/4
  2155 | D:3      | Reached XP level 6. HP: 41/51 MP: 5/5
  2513 | D:3      | Found a broken altar of Ashenzari.
  2611 | D:3      | Found a runed translucent door.
  2612 | D:3      | Noticed Crazy Yiuf
  2616 | D:3      | Killed Crazy Yiuf
  2617 | D:3      | Reached skill level 8 in Maces & Flails
  2831 | D:4      | Found a glowing golden altar of the Shining One.
  2847 | D:4      | Noticed a two-headed ogre
  2849 | D:4      | Killed from afar by an orc priest

Illustrated notes

Levels and vault maps discovered:
D:1:      dpeg_arrival_caged_fury, layout_basic
D:2:      layout_loops_ring, chequers_ecumenical_altar_simple_redux,
          grunt_decor_fettered
D:3:      layout_basic, old_standard_altar, uniq_grinder,
          uniq_crazy_yiuf_cottage, uniq_terence
D:4:      layout_basic, mainiacjoe_overflow_concentric_impassable,
          amcnicky_mini_pool_small

Skill      XL: |  1  2  3  4  5  6 |
---------------+-------------------+-----
Maces & Flails | 4 5 7 8 |  8.2
Armour         | 1 3 4 |  4.1
Fighting       | |  3.6
Dodging        | |  3.2
Stealth        | |  1.5

Action                   |  1- 3 |  4- 6 || total
-------------------------+-------+-------++-------
Melee: Mace              |   104 |    36 ||   140
       Headbutt          |    13 |     7 ||    20
       Morningstar       |       |    23 ||    23
  Use: Scroll            |     2 |     2 ||     4
Armor: Robe              |    10 |       ||    10
       Ring mail         |    20 |    10 ||    30
       Scale mail        |       |     5 ||     5
Dodge: Dodged            |    99 |    45 ||   144
